 Dungeon Crawl Stone Soup version 0.27-a0-650-g8dd3ea4f36 (webtiles) character file.

Game seed: 16567040807598185789

484 bilbop the Covered (level 6, 0/55 HPs)
             Began as a Minotaur Fighter on Mar 16, 2021.
             Fell down a flight of stairs (1 damage)
             ... on level 4 of the Dungeon.
             The game lasted 00:16:43 (3552 turns).

bilbop the Covered (Minotaur Fighter)               Turns: 3552, Time: 00:16:44

Health: 0/55       AC: 10    Str: 23    XL:     6   Next: 88%
Magic:  5/5        EV:  8    Int:  5    God:
Gold:   107        SH:  0    Dex:  9    Spells: 5/5 levels left

rFire    + + .     SeeInvis .   n - +3 spear
rCold    x . .     Faith    .   c - +0 kite shield
rNeg     . . .     Spirit   .   b - +0 scale mail
rPois    .         Reflect  .   (helmet restricted)
rElec    .         Harm     .   y - scarf {repulsion}
rCorr    .         Rampage  .   (no gloves)
Will     .....                  x - +2 pair of boots
Stlth    ..........             (no amulet)
HPRegen  0.18/turn              q - ring of fire
MPRegen  0.09/turn              t - ring of protection from fire

@: confused, repel missiles
A: horns 2, retaliatory headbutt
a: no special abilities


You were on level 4 of the Dungeon.
You visited 1 branch of the dungeon, and saw 4 of its levels.

You collected 107 gold pieces.

Inventory:

Hand Weapons
 a - a +0 flail
 l - a +1 rapier of venom
 n - a +3 spear (weapon)
Missiles
 e - 133 stones
 k - 4 javelins
 r - 22 poisoned darts (quivered)
Armour
 b - a +0 scale mail (worn)
 c - a +0 kite shield (worn)
 x - a +2 pair of boots (worn)
 y - a scarf of repulsion (worn)
Jewellery
 q - a ring of fire (right hand)
 t - a ring of protection from fire (left hand)
 w - a ring of ice
Wands
 s - a wand of iceblast (6)
 u - a wand of flame (17)
 v - a wand of charming (7)
Scrolls
 f - 2 scrolls of identify {unknown}
 g - 2 scrolls of enchant armour {unknown}
 i - 2 scrolls of magic mapping {unknown}
 j - 6 scrolls of teleportation {unknown}
 m - a scroll of random uselessness {unknown}
 p - a scroll of noise {unknown}
Potions
 d - a potion of might
 h - a potion of lignification {unknown}
 o - 2 potions of ambrosia {unknown}


   Skills:
 + Level 4.9 Fighting
 + Level 0.2 Short Blades
 + Level 3.8 Maces & Flails
 + Level 3.6 Polearms
 + Level 0.3 Throwing
 + Level 5.6 Armour
 + Level 1.0 Dodging
 + Level 1.1 Stealth
 + Level 5.1 Shields


You had 5 spell levels left.
You didn't know any spells.
Your spell library was empty.

Dungeon Overview and Level Annotations

Branches:
Dungeon (4/15)
 Temple: D:4-7

Altars:
Kikubaaqudgha
Makhleb


Innate Abilities, Weirdness & Mutations

You have a pair of horns on your head.
You reflexively headbutt those who attack you in melee.


Message History

You hit the ogre.
The ogre is almost dead.
The ogre hits you with a +0 giant club!!
You hit the ogre.
You kill the ogre!
Your Dodging skill increases to level 1!
Your Shields skill increases to level 5!
You hit the orc wizard but do no damage.
Your headbutt misses the orc wizard.
The orc wizard hits you but does no damage.
You block the orc wizard's attack.
You barely miss the orc wizard.
The orc wizard hits you with a +2 short sword of protection!
You closely miss the orc wizard.
The orc wizard points at itself and mumbles some strange words.
The orc wizard flickers and vanishes!
Deactivating autopickup; reactivate with Ctrl-A.
You hit something. Something hits you.
You miss something. Your headbutt misses something.
Something hits you but does no damage.
You closely miss something. Your headbutt misses something.
You block something's attack.
You miss something.
You hear some strange, mumbled words.
A magic dart appears from out of thin air!
The magic dart hits you!
* * * LOW HITPOINT WARNING * * *
You barely miss something. Your headbutt misses something.
You hear some strange, mumbled words.
You are confused.
You hear some strange, mumbled words.
A magic dart appears from out of thin air!
The magic dart hits you.
* * * LOW HITPOINT WARNING * * *
A magic dart appears from out of thin air!
The magic dart hits you!
* * * LOW HITPOINT WARNING * * *
There is a stone staircase leading up here.
In your confused state, you trip and fall back down the stairs.
You die...

....# #.##.........#.........
....#######.##.#######.#.........
...............#.......#.........
##....†(.......#.####..#.........
#........####.#.####..#.........
#........# #..oo.....#.o.......
###..<...# #.#)####.##o........
#......## #.#.# #.oo.o.......
#.......#####@# #############
#.............# #.......#######
#.....### #######


You could see 2 orcs.

Vanquished Creatures
  2 ogres (D:4)
  A bullfrog skeleton (D:3)
  An orc priest (D:4)
  Natasha (twice) (D:2)
  3 worker ants
  6 adders
  An ooze (D:2)
  2 worms
  A dart slug (D:3)
  3 leopard geckos
  3 orcs
  17 bats
  4 giant cockroaches
  10 goblins
  2 hobgoblins
  A quokka (D:3)
  A ball python (D:1)
  5 frilled lizards
  10 kobolds
  9 rats
84 creatures vanquished.

Notes
Turn   | Place    | Note
-------+----------+-------------------------------------------
     0 | D:1      | bilbop the Minotaur Fighter began the quest for the Orb.
     0 | D:1      | Reached XP level 1. HP: 19/19 MP: 0/0
   275 | D:1      | Reached XP level 2. HP: 21/27 MP: 1/1
   923 | D:2      | Reached XP level 3. HP: 33/33 MP: 2/2
   926 | D:2      | Noticed Natasha
   933 | D:2      | Killed Natasha
  1251 | D:2      | Found an ancient bone altar of Kikubaaqudgha.
  1391 | D:2      | Reached XP level 4. HP: 21/41 MP: 3/3
  1902 | D:2      | Noticed Natasha
  1907 | D:2      | Killed Natasha
  1990 | D:2      | Reached XP level 5. HP: 47/47 MP: 4/4
  2351 | D:3      | Found a burning altar of Makhleb.
  2357 | D:3      | Reached skill level 1 in Polearms
  2386 | D:3      | Reached skill level 5 in Armour
  3107 | D:4      | Reached XP level 6. HP: 50/55 MP: 5/5
  3230 | D:4      | Reached skill level 1 in Stealth
  3542 | D:4      | Reached skill level 1 in Dodging
  3542 | D:4      | Reached skill level 5 in Shields
  3550 | D:4      | HP: 1/55 [something/magic dart (8)]
  3552 | D:4      | Fell down a flight of stairs

Illustrated notes

Levels and vault maps discovered:
D:1:      shiori_shiawase, layout_basic
D:2:      layout_loops_corners, kiku_gazebo_pond_becter, hex_tiny, uniq_natasha
D:3:      layout_loops_cross, bloody_makhleb
D:4:      layout_basic, minmay_ruined_shrine

Skill      XL: |  1  2  3  4  5  6 |
---------------+-------------------+-----
Fighting       | 4 |  4.9
Armour         | 4 5 |  5.6
Shields        | 4 5 |  5.1
Maces & Flails | 3 |  3.8
Polearms       | 2 3 |  3.6
Stealth        | 1 |  1.1
Dodging        | 1 |  1.0
Short Blades   | |  0.2
Throwing       | |  0.3

Action                   |  1- 3 |  4- 6 || total
-------------------------+-------+-------++-------
Melee: Flail             |    65 |       ||    65
       Headbutt          |     8 |    17 ||    25
       Rapier            |     5 |       ||     5
       Spear             |       |   160 ||   160
Throw: Stone             |     3 |       ||     3
       Dart              |       |     3 ||     3
Armor: Scale mail        |    51 |    48 ||    99
Dodge: Dodged            |    34 |    31 ||    65
Block: Kite shield       |    49 |    56 ||   105

Table legend: (Time is in decaauts)
 A = Elapsed time spent in this place.
 B = Non-inter-level travel time spent in this place.
 C = Inter-level travel time spent in this place.
 D = Time resting spent in this place.
 E = Time spent auto-exploring this place.
 F = Levels seen in this place.
 G = Mean time per level.
                   A        B        C        D        E       F      G
               +--------+--------+--------+--------+--------+-----+--------+
         Total |   3624 |   3372 |    252 |    591 |   2201 |   4 |  906.0 |
       Dungeon |   3624 |   3372 |    252 |    591 |   2201 |   4 |  906.0 |
               +--------+--------+--------+--------+--------+-----+--------+

Top non-repeatable levels by time:
     D:2: 1462 daAuts
     D:3: 1012 daAuts
     D:1: 872 daAuts
     D:4: 276 daAuts
